 Dungeon Crawl Stone Soup version 0.27-a0-1301-g128193abf8 (webtiles) character file.

Game seed: 10249370758080229020

7172 DrKleor the Fighter (level 11, -3/119 HPs)
             Began as an Ogre Hunter on June 17, 2021.
             Was an Elder of Okawaru.
             Killed from afar by an efreet (28 damage)
             ... with a bolt of fire
             ... on level 9 of the Dungeon.
             The game lasted 00:33:45 (15499 turns).

DrKleor the Fighter (Ogre Hunter)                  Turns: 15499, Time: 00:33:45

Health: -3/119     AC:  7    Str: 20    XL:     11   Next: 11%
Magic:  11/11      EV: 14    Int: 12    God:    Okawaru [****..]
Gold:   398        SH:  0    Dex: 16    Spells: 10/10 levels left

rFire    . . .     SeeInvis .   P - +1 mace (holy)
rCold    . . .     Faith    .   (no shield)
rNeg     + . .     Spirit   .   b - +0 robe
rPois    .         Reflect  .   x - +2 hat
rElec    .         Harm     .   y - +1 cloak
rCorr    .         Rampage  .   (gloves unavailable)
Will     +....                  (boots unavailable)
Stlth    ++........             E - amulet of the acrobat
HPRegen  0.29/turn              X - +6 ring of dexterity
MPRegen  0.12/turn              T - ring of positive energy

@: studying Dodging
A: large, unfitting armour, tough skin 1
a: Renounce Religion, Heroism


You were on level 9 of the Dungeon.
You worshipped Okawaru.
Okawaru was greatly pleased with you.
You visited 2 branches of the dungeon, and saw 10 of its levels.
You also visited: Ossuary.

You collected 681 gold pieces.
You spent 283 gold pieces at shops.

Inventory:

Hand Weapons
 a - a +0 short sword
 j - a +0 whip
 v - a +2 dagger of electrocution
 P - a +1 mace of holy wrath (weapon)
Missiles
 c - 5 large rocks (quivered)
 d - 2 throwing nets
 z - 14 poisoned darts
 A - 8 javelins
 G - 9 datura-tipped darts
 N - 7 curare-tipped darts
 U - 3 boomerangs
Armour
 b - a +0 robe (worn)
 x - a +2 hat (worn)
 y - a +1 cloak (worn)
Jewellery
 g - a ring of fire
 s - an amulet of faith
 u - an amulet of magic regeneration
 E - an amulet of the acrobat (around neck)
 T - a ring of positive energy (right hand)
 V - an amulet of guardian spirit
 X - a +6 ring of dexterity (left hand)
Wands
 S - a wand of digging (4)
Scrolls
 e - a scroll of silence {unknown}
 f - 2 scrolls of noise {unknown}
 k - 5 scrolls of teleportation
 m - 3 scrolls of amnesia {unknown}
 o - 2 scrolls of summoning {unknown}
 p - 3 scrolls of immolation {unknown}
 r - a scroll of vulnerability {unknown}
 B - 2 scrolls of blinking {unknown}
 C - 2 scrolls of magic mapping {unknown}
 F - a scroll of holy word
 J - a scroll of fear {unknown}
 L - a scroll of torment
 M - 2 scrolls of enchant armour
 O - a scroll of fog
 W - a scroll of identify
Potions
 h - a potion of might {unknown}
 i - 2 potions of attraction
 l - 4 potions of degeneration
 n - 2 potions of berserk rage
 q - 2 potions of brilliance {unknown}
 t - 5 potions of lignification {unknown}
 w - 3 potions of cancellation {unknown}
 D - a potion of resistance {unknown}
 H - 2 potions of heal wounds
 I - 3 potions of haste
 K - 2 potions of mutation {unknown}
 Q - 2 potions of magic {unknown}
 R - 3 potions of flight
 Y - a potion of invisibility {unknown}


   Skills:
 - Level 10.4 Fighting
 + Level 9.2 Maces & Flails
 - Level 10.0 Throwing
 + Level 8.3 Dodging
 - Level 0.6 Stealth


You had 10 spell levels left.
You didn't know any spells.
Your spell library contained the following spells:

 Spells                   Type           Power      Damage    Failure   Level
 Beastly Appendage        Tmut           0%         N/A       32%         1
 Foxfire                  Conj/Fire      0%         2x1d4     32%         1
 Magic Dart               Conj           0%         1d3       32%         1
 Sandblast                Erth           0%         2d4       32%         1
 Passwall                 Tmut/Erth      0%         N/A       45%         2
 Searing Ray              Conj           0%         3d3       45%         2
 Wereblood                Tmut           0%         N/A       45%         2
 Confusing Touch          Hex            0%         N/A       69%         3
 Conjure Flame            Conj/Fire      0%         6-21      69%         3
 Dazzling Flash           Conj/Hex       0%         N/A       69%         3
 Gell's Gravitas          Tloc           0%         N/A       69%         3
 Inner Flame              Hex/Fire       0%         N/A       69%         3
 Spider Form              Tmut/Pois      0%         N/A       69%         3
 Stone Arrow              Conj/Erth      0%         3d7       69%         3
 Fulminant Prism          Conj/Hex       0%         3d6       97%         4
 Ice Form                 Ice/Tmut       0%         N/A       97%         4
 Iskenderun's Mystic Bla  Conj/Tloc      0%         2d3       97%         4
 Petrify                  Tmut/Erth      0%         N/A       97%         4
 Sticky Flame             Conj/Fire      0%         2d3       97%         4
 Fireball                 Conj/Fire      0%         3d3       100%        5
 Lee's Rapid Deconstruct  Erth           0%         3d5*      100%        5
 Metabolic Englaciation   Hex/Ice        0%         N/A       100%        5
 Yara's Violent Unravell  Hex/Tmut       0%         3d3       100%        5


Dungeon Overview and Level Annotations

Branches:
Dungeon (9/15)             Temple (1/1) D:7         Ossuary (visited)
   Lair: D:8-11         Orc: D:9-12

Altars:
Ashenzari
Cheibriados
Elyvilon
Hepliaklqana
Kikubaaqudgha
Makhleb
Okawaru
Qazlal
Ru
Sif Muna
Trog
Uskayaw
Xom
Yredelemnul
The Shining One

Shops:
D:1 (   D:5 [!   D:6 *   D:8 [


Innate Abilities, Weirdness & Mutations

You are too large for most types of armour.
You have tough skin. (AC +1)


Message History

T - a ring of positive energy (right hand)
There is a stone staircase leading up, spattered with blood here.
Your +2 dagger of electrocution stops crackling.
Your +1 mace of holy wrath softly glows with a divine radiance!
P - a +1 mace of holy wrath (weapon)
The efreet gestures at you. The bolt of fire hits you!
The efreet hits you with a +2 scimitar of flaming!
The efreet burns you.
You hit the efreet but do no damage. The efreet gestures at you.
The fireball explodes!
The fireball engulfs you!!
The fireball engulfs the efreet.
The efreet completely resists.
You completely miss the efreet.
The efreet hits you with a +2 scimitar of flaming!
The efreet burns you.
You hit the efreet.
The efreet convulses.
The efreet is lightly wounded.
The efreet hits you with a +2 scimitar of flaming!!
The efreet burns you!
* * * LOW HITPOINT WARNING * * *
Throw: 6 large rocks
Press: ? - help, Q - select action, (/) - cycle Shift-Dir - straight line, f - efreet
Aim: an efreet, wielding a +2 scimitar of flaming (lightly wounded, 83% to hit)
You throw a large rock. The large rock hits the efreet!!
The efreet is severely wounded.
The efreet gestures at you. The bolt of fire misses you.
The efreet hits you with a +2 scimitar of flaming!
* * * LOW HITPOINT WARNING * * *
The efreet burns you.
* * * LOW HITPOINT WARNING * * *
Throw: 5 large rocks
Press: ? - help, Q - select action, (/) - cycle Shift-Dir - straight line, f/p - efreet
Aim: an efreet, wielding a +2 scimitar of flaming (severely wounded, 83% to hit)
Okay, then.
You feel much better. The efreet gestures at you. The bolt of fire hits you!!
You die...

#.###.#[#)#.#.###.
#.###.[.#.#...###.
#....###[..###....
#..#.#.#.#.#.#.#..
#....##.#.#.##....
#########.###..#.#.#..###.
########.........#...#.#.#.#...#.
.................###..#.#.#..###.
######...###..#@R..##.#.#.##....
###...####.#.#..#.#.#.#.#(#.#..
###...###..#(#.#....###...###...[
#...###....#.#.#.###...#.#...###.
..####)....#.#...###.#.#.#.#.###.
### ###...#.#....##...###...##..
# ###...#..#................
###.#..##.......#....###
#.#.####.....#.....##.


You could see an efreet.

Vanquished Creatures
  A hydra (D:9)
  2 two-headed ogres
  A manticore (D:9)
  Joseph (D:8)
  An efreet (D:9)
  Prince Ribbit (D:6)
  A slime creature (D:9)
  A shadow (D:9)
  2 water moccasins
  3 orc warriors
  3 ice beasts
  A hornet zombie (D:4)
  A black bear (D:7)
  A necrophage (D:6)
  3 centaurs
  A bullfrog (D:8)
  A wyvern zombie (D:7)
  4 kobold brigands
  A gnoll (D:9)
  A water moccasin zombie (D:5)
  4 scorpions
  A wyvern skeleton (D:6)
  2 water moccasin skeletons
  A killer bee (D:8)
  9 wights
  2 howler monkeys
  2 centaur zombies
  A human zombie (Ossuary)
  2 jellies
  A hound (D:4)
  7 orc priests
  2 bullfrog skeletons
  A gnoll shaman (D:8)
  Jessica (D:2)
  5 orc wizards
  An iguana (D:6)
  2 killer bee zombies
  A centaur simulacrum (D:9)
  4 mummies (Ossuary)
  4 hound zombies (Ossuary)
  2 howler monkey zombies
  A howler monkey skeleton (D:5)
  4 adders
  2 shadow imps
  An ufetubus (D:5)
  2 adder zombies (Ossuary)
  2 worms (D:2)
  4 dart slugs (D:3)
  29 orcs
  2 ball pythons
  2 bats
  7 endoplasms
  A giant cockroach (D:1)
  A gnoll zombie (Ossuary)
  8 goblins
  5 hobgoblins
  9 jackals
  18 kobolds
  2 quokkas (D:1)
  5 frilled lizards
  2 goblin zombies (Ossuary)
  2 orc zombies (Ossuary)
  2 rats
197 creatures vanquished.

Vanquished Creatures (collateral kills)
  A gnoll sergeant (D:9)
  A centaur zombie (D:9)
  2 orcs (D:6)
4 creatures vanquished.

Vanquished Creatures (others)
  2 gnolls (D:9)
2 creatures vanquished.

Grand Total: 203 creatures vanquished

Notes
Turn   | Place    | Note
-------+----------+-------------------------------------------
     0 | D:1      | DrKleor the Ogre Hunter began the quest for the Orb.
     0 | D:1      | Reached XP level 1. HP: 22/22 MP: 1/1
   549 | D:1      | You fall into a shaft and drop 1 floor!
   557 | D:2      | Reached XP level 2. HP: 11/31 MP: 2/2
  1304 | D:1      | Found Macoimne's Antique Weapon Boutique.
  1848 | D:2      | Found a faded altar of an unknown god.
  1913 | D:2      | Reached XP level 3. HP: 37/39 MP: 3/3
  1951 | D:2      | Noticed Jessica
  1964 | D:2      | Killed Jessica
  1965 | D:2      | Reached skill level 1 in Maces & Flails
  2210 | D:2      | Reached XP level 4. HP: 47/48 MP: 4/4
  2577 | D:3      | Reached skill level 5 in Throwing
  2577 | D:3      | Reached XP level 5. HP: 21/55 MP: 5/5
  3526 | D:3      | Reached skill level 5 in Fighting
  3617 | D:3      | Found a shimmering blue altar of Sif Muna.
  3617 | D:3      | Found a basalt altar of Yredelemnul.
  3617 | D:3      | Found a white marble altar of Elyvilon.
  4359 | D:4      | Reached XP level 6. HP: 66/66 MP: 6/6
  5667 | D:4      | Reached XP level 7. HP: 18/75 MP: 7/7
  6257 | D:4      | Found a stormy altar of Qazlal.
  6258 | D:4      | Noticed a fire elemental
  6268 | D:4      | Noticed an air elemental
  6268 | D:4      | Noticed a water elemental
  6642 | D:5      | Entered Level 5 of the Dungeon
  6960 | D:5      | Found Ymygrout's Antique Armour Emporium.
  7252 | D:5      | Found Suiffill's Distillery.
  7265 | D:5      | Reached XP level 8. HP: 84/87 MP: 8/8
  7266 | D:5      | Bought a potion of heal wounds for 55 gold pieces
  7266 | D:5      | Bought a potion of haste for 110 gold pieces
  7266 | D:5      | Bought a potion of curing for 33 gold pieces
  7266 | D:5      | Bought a potion of attraction for 33 gold pieces
  7535 | D:5      | Found a glowing golden altar of the Shining One.
  7583 | D:6      | Noticed Prince Ribbit
  7633 | D:6      | Killed Prince Ribbit
  7837 | D:6      | Reached skill level 5 in Maces & Flails
  8086 | D:6      | Found Gymetese's Serpentskin Sales.
  8389 | D:6      | Bought 8 curare-tipped darts for 52 gold pieces
  8686 | D:6      | Found a broken altar of Ashenzari.
  8864 | D:7      | Found a sand-covered staircase.
  8877 | Ossuary  | Entered an ossuary
  8920 | Ossuary  | Reached XP level 9. HP: 14/97 MP: 9/9
 10239 | D:7      | Found a staircase to the Ecumenical Temple.
 10309 | Temple   | Entered the Ecumenical Temple
 10328 | Temple   | Became a worshipper of Warmaster Okawaru
 10559 | D:7      | Found a sacrificial altar of Ru.
 10559 | D:7      | Found a snail-covered altar of Cheibriados.
 10913 | D:8      | Reached skill level 10 in Fighting
 11385 | D:8      | Noticed Joseph
 11407 | D:8      | Killed Joseph
 11407 | D:8      | Reached * piety under Okawaru
 11729 | D:8      | Identified a scroll of acquirement
 11730 | D:8      | Acquired a manual of Dodging
 12087 | D:8      | Reached XP level 10. HP: 104/107 MP: 10/10
 12099 | D:8      | Found Torchuf's Armour Shop.
 12303 | D:9      | Noticed a two-headed ogre
 13881 | D:9      | Reached ** piety under Okawaru
 13936 | D:9      | Killed a two-headed ogre
 13937 | D:9      | Reached skill level 5 in Dodging
 14680 | D:9      | Noticed a manticore
 14689 | D:9      | Killed a manticore
 14689 | D:9      | Reached *** piety under Okawaru
 14822 | D:9      | Noticed a two-headed ogre
 14824 | D:9      | Noticed a four-headed hydra
 14866 | D:8      | Killed a two-headed ogre
 14867 | D:8      | Reached skill level 10 in Throwing
 14982 | D:9      | Killed a four-headed hydra
 14982 | D:9      | Reached **** piety under Okawaru
 14982 | D:9      | Received a gift from Okawaru
 14983 | D:9      | Reached XP level 11. HP: 109/119 MP: 11/11
 15499 | D:9      | Killed from afar by an efreet

Illustrated notes

Levels and vault maps discovered:
D:1:      wander_arrival_abandoned_jail, layout_basic, serial_shops, shop,
          serial_rivers, chequers_serial_rivers_small_b,
          chequers_serial_rivers_large_a, chequers_serial_rivers_micro_e,
          chequers_serial_rivers_micro_c, chequers_serial_rivers_micro_c,
          minmay_tiny_reverse_x
D:2:      layout_rooms, hellmonk_ecumenical_altar_slurped_away, uniq_jessica
D:3:      layout_basic, gammafunk_temple_overflow_claw
D:4:      layout_layer_cave, nicolae_qazlal_style_of_elements, minivault_23,
          bh_walls_and_bars
D:5:      layout_basic, nicolae_tso_swordbearing_angel, serial_shops,
          shop_coins, nicolae_square_shop, chequers_mini_garden
D:6:      layout_loops_ring, nicolae_ashenzari_skybound, guppyfry_shop_venom,
          uniq_prince_ribbit1
D:7:      layout_cave_pools, gammafunk_temple_overflow_wave,
          minmay_temple_entry_crystal_x, nicolae_ossuary_entry_monument
D:8:      layout_rooms, serial_shops, nicolae_shop_crystal, uniq_joseph
D:9:      minmay_the_grid_triangle_9x9_recursive_2_mashed
          [minmay_the_grid_triangle_9x9_prize_schism,
          minmay_the_grid_triangle_9x9_cache,
          minmay_the_grid_triangle_9x9_zippers_horizontal,
          minmay_the_grid_triangle_9x9_wacky_v], layout_gridville,
          minmay_starry_boxes
Temple:   eino_temple_water

Skill      XL: |  1  2  3  4  5  6  7  8  9 10 11 |
---------------+----------------------------------+-----
Fighting       | 3 4 5 6 7 8 10 | 10.4
Maces & Flails | 1 2 3 4 5 7 9 |  9.2
Throwing       | 5 6 7 9 10 | 10.0
Dodging        | 3 7 8 |  8.3
Stealth        | |  0.6

Action                   |  1- 3 |  4- 6 |  7- 9 | 10-12 || total
-------------------------+-------+-------+-------+-------++-------
Melee: Short sword       |    39 |       |       |       ||    39
       Whip              |    56 |   210 |       |       ||   266
       Dagger            |       |    30 |   342 |   184 ||   556
       Mace              |       |       |    79 |     3 ||    82
Throw: Large rock        |     2 |    22 |       |     4 ||    28
       Throwing net      |       |     1 |       |       ||     1
       Javelin           |       |       |    10 |       ||    10
       Dart              |       |       |    10 |    15 ||    25
  Use: Scroll            |       |       |     9 |     1 ||    10
       Potion            |       |       |     1 |     2 ||     3
 Stab: Sleeping          |     1 |     2 |     1 |       ||     4
Armor: Robe              |    24 |    52 |   213 |    53 ||   342
Dodge: Dodged            |    40 |   112 |   276 |   144 ||   572

Table legend: (Time is in decaauts)
 A = Elapsed time spent in this place.
 B = Non-inter-level travel time spent in this place.
 C = Inter-level travel time spent in this place.
 D = Time resting spent in this place.
 E = Time spent auto-exploring this place.
 F = Levels seen in this place.
 G = Mean time per level.
                   A        B        C        D        E       F      G
               +--------+--------+--------+--------+--------+-----+--------+
         Total |  15561 |  15206 |    355 |   7365 |   5169 |  11 | 1414.6 |
       Dungeon |  14724 |  14386 |    338 |   6871 |   5005 |   9 | 1636.0 |
        Temple |     36 |     19 |     17 |      0 |      9 |   1 |   36.0 |
       Ossuary |    800 |    800 |      0 |    494 |    155 |   1 |  800.0 |
               +--------+--------+--------+--------+--------+-----+--------+

Top non-repeatable levels by time:
     D:8: 2951 daAuts
     D:3: 2347 daAuts
     D:9: 1769 daAuts
     D:4: 1598 daAuts
     D:1: 1495 daAuts
     D:6: 1255 daAuts
     D:2: 1241 daAuts
     D:7: 1128 daAuts
     D:5: 935 daAuts
 Ossuary: 800 daAuts
  Temple: 36 daAuts
